 Dungeon Crawl Stone Soup version 0.19.1 (webtiles) character file.

128 esteth the Ruffian (level 4, 0/45 HPs)
             Began as a Troll Monk on Dec 22, 2016.
             Slain by a gnoll
             ... wielding a +0 spear
              (2 damage)
             ... on level 3 of the Dungeon.
             The game lasted 00:04:50 (1640 turns).

esteth the Ruffian (Troll Monk)                     Turns: 1640, Time: 00:04:51

Health: 0/45       AC:  5    Str: 20    XL:     4   Next: 87%
Magic:  3/3        EV: 10    Int:  6    God:
Gold:   103        SH:  0    Dex: 12    Spells: 0 memorised, 3 levels left

rFire  . . .     SeeInvis .       - Unarmed
rCold  . . .     Gourm    +     a - +0 robe
rNeg   . . .     Faith    .     (no shield)
rPois  .         Spirit   .     (helmet restricted)
rElec  .         Reflect  .     (no cloak)
rCorr  .         Harm     .     (gloves unavailable)
MR     .....                    (boots unavailable)
Stlth  ++++......               (no amulet)
                                d - ring of stealth
                                c - ring of stealth

@: hasted, very quick
A: unfitting armour, claws 3, fast metabolism 3, gourmand, regeneration 1,
shaggy fur 1, tough skin 2
a: no special abilities


You were on level 3 of the Dungeon.
You were not hungry.

You visited 1 branch of the dungeon, and saw 3 of its levels.

You collected 103 gold pieces.

Inventory:

Armour
 a - a +0 robe (worn)
Jewellery
 c - a ring of stealth (left claw)
 d - a ring of stealth (right claw)
Scrolls
 e - a scroll of enchant armour {unknown}
 f - 3 scrolls of identify {unknown}
 n - 2 scrolls of teleportation {unknown}
 p - a scroll of remove curse {unknown}
Potions
 g - 2 potions of mutation {unknown}
 i - 3 potions of curing {unknown}
 j - a potion of flight {unknown}
 l - a potion of haste
 m - a potion of lignification {unknown}
 o - a potion of heal wounds {unknown}
 q - a potion of might {unknown}
 r - a potion of agility {unknown}
Comestibles
 b - 2 bread rations
 h - 2 fruits
 k - 2 meat rations


   Skills:
 + Level 3.0 Fighting
 - Level 2.4 Dodging
 - Level 1.0 Stealth
 * Level 5.1 Unarmed Combat


You had 3 spell levels left.
You didn't know any spells.

Dungeon Overview and Level Annotations

Branches:
Dungeon (3/15)

Altars:
Okawaru
Uskayaw


Innate Abilities, Weirdness & Mutations

You are too large for most types of armour.
You have claws for hands.
Your metabolism is lightning-fast.
You like to eat raw meat.
Your natural rate of healing is unusually fast.
You are covered in fur. (AC +1)
You have very tough skin. (AC +2)


Message History

The gnoll hits you from afar with a spear.
The gnoll hits you from afar with a halberd!
The gnoll hits you from afar with a spear.
The gnoll barely misses you.
The gnoll hits you from afar with a spear.
The gnoll hits you with a spear. The gnoll hits you but does no damage.
The gnoll closely misses you.
You scratch the gnoll.
The gnoll is lightly wounded.
The gnoll barely misses you. The gnoll hits you but does no damage.
The gnoll hits you from afar with a halberd!
* * * LOW HITPOINT WARNING * * *
You are too injured to fight recklessly!
The gnoll hits you from afar with a spear.
* * * LOW HITPOINT WARNING * * *
The gnoll hits you from afar with a spear.
* * * LOW HITPOINT WARNING * * *
It was a potion of haste.
You feel yourself speed up.
The gnoll hits you from afar with a spear.
You die...

#....# # #....# #
#....# # #..).# #
#....########
###........... ######
###...##..######
#....#####...#####...##
# #....#g.@..###
#......### #....gg#####
#..##.#.... #....g##
#.........# #.....#
#...####..# #....##
#.#.# #... #....# ..
#.# #..# #....# . .#
##.# #....# ##.# #..
#..### #<. ##.


You could see 4 gnolls.

Vanquished Creatures
  Jessica (D:3)
  An iguana (D:3)
  2 adders (D:2)
  A worm (D:3)
  2 dart slugs
  3 ball pythons
  3 giant cockroaches
  5 goblins
  3 hobgoblins
  2 jackals (D:1)
  2 quokkas (D:2)
  9 bats
  4 frilled lizards
  9 kobolds
  6 rats
53 creatures vanquished.

Notes
Turn   | Place    | Note
-------+----------+-------------------------------------------
     0 | D:1      | esteth the Troll Monk began the quest for the Orb.
     0 | D:1      | Reached XP level 1. HP: 22/22 MP: 0/0
   157 | D:1      | Reached XP level 2. HP: 29/29 MP: 1/1
   377 | D:1      | Reached skill level 4 in Unarmed Combat
   681 | D:2      | Reached XP level 3. HP: 33/36 MP: 2/2
   682 | D:2      | Found a hide-covered altar of Uskayaw.
  1435 | D:3      | Noticed Jessica
  1439 | D:3      | Killed Jessica
  1439 | D:3      | Reached XP level 4. HP: 44/44 MP: 3/3
  1554 | D:3      | Reached skill level 5 in Unarmed Combat
  1590 | D:3      | Found an iron altar of Okawaru.
  1639 | D:3      | HP: 2/45 [gnoll/spear (1)]
  1640 | D:3      | Slain by a gnoll

Skill      XL: |  1  2  3  4 |
---------------+-------------+-----
Unarmed Combat | 4 5 |  5.1
Fighting       | 3 |  3.0
Dodging        | |  2.4
Stealth        | |  1.0

Action                   |  1- 3 |  4- 6 || total
-------------------------+-------+-------++-------
Melee: Unarmed           |    89 |    23 ||   112
       Punch             |     1 |     1 ||     2
  Use: Potion            |       |     1 ||     1
 Stab: Sleeping          |    13 |     1 ||    14
  Eat: Chunk             |     8 |       ||     8
       Bread ration      |     1 |       ||     1
Armor: Robe              |    51 |    15 ||    66
Dodge: Dodged            |    49 |    19 ||    68
